 Dungeon Crawl Stone Soup version 0.31-a0-523-g071a6c1ffa (webtiles) character file.

Game seed: 12617167142061327770

4675 CoinPitGoblin the Grappler (level 10, 0/80 HPs)
             Began as a Pale Draconian Shapeshifter on Aug 11, 2023.
             Slain by a killer bee (6 damage)
             ... on level 9 of the Dungeon.
             The game lasted 00:26:25 (10221 turns).

CoinPitGoblin the Grappler (DrSh)                  Turns: 10221, Time: 00:26:25

Health: 0/80       AC:  7    Str: 18    XL:     10   Next: 21%
Magic:  10/10      EV: 14    Int: 12    God:
Gold:   600        SH:  0    Dex: 12    Spells: 6/9 levels left

rFire   + .          .
                       - Unarmed
rCold   . . .        (shield currently unavailable)
rNeg    . . .        (body armour unavailable)
rPois   .            (helmet restricted)
rElec   .            (no cloak)
rCorr   .            (no gloves)
SInv    .            (no boots)
Will    .....        (no amulet)
Stlth   +            t - ring of protection from fire
HPRegen 0.33/turn    (no ring)
MPRegen 0.12/turn

%: no passive effects
@: flux-form, slowed, glowing, studying Transmutations, very slow
A: glow, contaminating, breathe steam, AC +7, unfitting armour, cold-blooded,
steam resistance
a: Breathe Steam, Begin Untransformation


You were on level 9 of the Dungeon.
You were something dangerously unstable.
You visited 2 branches of the dungeon, and saw 10 of its levels.
You also visited: Sewer.

You collected 600 gold pieces.

Inventory:

Hand Weapons
 s - a +3 dagger of venom
Jewellery
 t - a ring of protection from fire (left hand)
Talismans
 b - a beast talisman
 c - a flux talisman (active)
Wands
 r - a wand of charming (2)
Scrolls
 e - a scroll of blinking {unknown}
 h - 4 scrolls of identify
 j - 4 scrolls of enchant armour
 k - a scroll of teleportation
 m - 3 scrolls of immolation
 q - a scroll of fog
Potions
 a - 3 potions of lignification
 d - 4 potions of enlightenment
 f - 4 potions of degeneration
 g - 3 potions of brilliance
 i - a potion of ambrosia
 l - a potion of berserk rage
 n - a potion of haste
 o - 3 potions of mutation
 u - a potion of might


   Skills:
 + Level 4.5 Fighting
 + Level 6.1 Dodging
 + Level 11.0 Unarmed Combat
 * Level 6.9 Shapeshifting


You had 6 spell levels left.
You knew the following spells:

 Your Spells              Type           Power      Damage    Failure   Level
a - Inner Flame           Hex/Fire       0%         N/A       69%         3

Your spell library contained the following spells:

 Spells                   Type           Power      Damage    Failure   Level
 Necrotise                Necr           0%         1d4       32%         1
 Sting                    Tmut/Pois      0%         1d3       32%         1
 Cigotuvi's Dreadful Rot  Necr/Pois/Air  0%         N/A       45%         2
 Poisonous Vapours        Pois/Air       0%         N/A       45%         2
 Sublimation of Blood     Necr           0%         N/A       45%         2
 Ignite Poison            Fire/Tmut/Pois 0%         N/A       69%         3
 Vampiric Draining        Necr           0%         2d6       69%         3
 Olgreb's Toxic Radiance  Pois           0%         N/A       97%         4
 Petrify                  Tmut/Erth      0%         N/A       97%         4
 Sticky Flame             Conj/Fire      0%         2d3       97%         4
 Agony                    Necr           0%         N/A       100%        5
 Freezing Cloud           Conj/Ice/Air   0%         6-21      100%        5
 Irradiate                Conj/Tmut      0%         3d11      100%        5
 Summon Forest            Summ/Tloc      0%         N/A       100%        5
 Summon Mana Viper        Hex/Summ       0%         N/A       100%        5
 Yara's Violent Unravell  Hex/Tmut       0%         3d3       100%        5
 Summon Cactus Giant      Summ           0%         N/A       100%        6
 Enfeeble                 Hex            0%         N/A       100%        7
 Ignition                 Fire           0%         3d3       100%        8


Dungeon Overview and Level Annotations

Branches:
Dungeon (9/15)             Temple (1/1) D:6           Sewer (visited)
   Lair: D:8-11         Orc: D:9-12

Altars:
Ashenzari
Cheibriados
Elyvilon
Fedhas
Gozag
Hepliaklqana
Kikubaaqudgha
Nemelex Xobeh
Okawaru
Qazlal
Ru
Trog
Uskayaw
Vehumet
Wu Jian
Xom
Yredelemnul
Zin
The Shining One

Shops:
D:2 [*(?


Innate Abilities, Weirdness & Mutations

You are something dangerously unstable.
You glow with magical radiation, making you easy to see and hit.
Foes you strike become dangerously contaminated with magical radiation.
You are incapable of wielding weapons or throwing items.
You can breathe blasts of scalding, opaque steam.
Your pale cyan-grey scales are hard. (AC +7)
You cannot fit into any form of body armour.
You are cold-blooded and may be slowed by cold attacks.
You are immune to the effects of steam.


Message History

The killer bee is severely wounded.
You feel sick.
The killer bee stings you but does no damage.
The howler monkey barely misses you. The howler monkey hits you.
You punch the killer bee!
You kill the killer bee!
You feel sick. The howler monkey barely misses you. The howler monkey hits you.
Unknown command.
You feel sick. The howler monkey barely misses you.
The howler monkey hoots and howls with incredible vigour!
The hornet buzzes angrily.
You hear a shout!
You feel sick.
The howler monkey attacks as you move away!
The howler monkey closely misses you.
You feel sick.
The orc priest calls down the wrath of Beogh upon you.
Pain shoots through your body! The howler monkey misses you.
You feel sick.
You feel sick.
You feel sick. The hornet stings you.
You feel yourself slow down. The hornet attacks as you move away!
The hornet stings you but does no damage.
You feel yourself speed up.
You feel sick.
You are no longer poisoned.
The hornet stings you.
You are poisoned.
You suddenly lose the ability to move!
You can move again.
Unknown command.
The hornet attacks as you move away! The hornet stings you!
* * * LOW HITPOINT WARNING * * *
You feel yourself slow down.
You feel very sick.
The howler monkey hoots and howls with incredible vigour!
You feel better.
You feel yourself speed up. The hornet stings you!
* * * LOW HITPOINT WARNING * * *
You feel yourself slow down. The killer bee stings you.
You die...

.#.#...... ..........####
#...# .#o#..........
####...#
..............###......#
..............#.......#
.§y...................##
#.....................##
##o.....................#
.{y....[.......yB.......#
yy.............y###..<..#
...............h# #....##
..............h## #....#
.......##.##....# ##...#
........#.#...Oh# #####
......#.....#...# #####
......##...##.### #.....
........._......##.?.h.


You could see a two-headed ogre, a hornet, 2 howler monkeys and a killer bee.

Vanquished Creatures
  A boulder beetle (D:8)
  Jeremiah (D:6)
  A hornet (D:9)
  A shadow (D:9)
  2 wyverns
  A steam dragon (D:8)
  An acid dragon (D:8)
  3 orc warriors (D:8)
  A sky beast (D:7)
  2 centaurs
  2 kobold brigands (Sewer)
  5 bullfrogs
  3 scorpions
  6 wights
  7 killer bees
  4 electric eels (D:8)
  5 howler monkeys
  A gnoll bouda (D:8)
  3 orc priests
  3 hounds
  A jelly (D:6)
  2 iguanas
  5 orc wizards
  A river rat (D:4)
  6 adders
  4 gnolls
  A shadow imp (D:8)
  2 white imps
  An ufetubus (D:5)
  3 worms
  2 dart slugs (D:1)
  21 orcs
  4 bats
  3 endoplasms
  3 giant cockroaches
  6 goblins
  6 hobgoblins
  2 jackals (Sewer)
  6 quokkas
  5 ball pythons
  7 frilled lizards
  16 kobolds
  12 rats
172 creatures vanquished.

Notes
Turn   | Place    | Note
-------+----------+-------------------------------------------
     0 | D:1      | CoinPitGoblin the Draconian Shapeshifter began the quest
                  | for the Orb.
     0 | D:1      | Reached XP level 1. HP: 16/16 MP: 1/1
   151 | D:1      | Reached XP level 2. HP: 22/23 MP: 2/2
   530 | D:1      | Reached XP level 3. HP: 23/28 MP: 3/3
   980 | D:2      | Found Teshromp's Magic Scroll Shop.
  1087 | D:2      | Found Ulunarghes's Assorted Antiques.
  1606 | D:2      | Found Afusaka's Armour Emporium.
  1735 | D:2      | Found Muge's Antique Weapon Shoppe.
  2098 | D:3      | Reached XP level 4. HP: 34/35 MP: 4/4
  2213 | D:3      | Reached skill level 4 in Unarmed Combat
  2980 | D:4      | Reached XP level 5. HP: 40/40 MP: 5/5
  3018 | D:4      | Found a glowing drain.
  3301 | Sewer    | Entered a sewer
  3359 | Sewer    | Reached skill level 5 in Unarmed Combat
  3503 | Sewer    | Reached XP level 6. HP: 22/48 MP: 6/6
  4038 | Sewer    | Found a white marble altar of Elyvilon.
  4307 | D:5      | Entered Level 5 of the Dungeon
  4869 | D:5      | Reached skill level 6 in Unarmed Combat
  4869 | D:5      | Your scales start taking on a pale cyan-grey colour.
  4869 | D:5      | Reached XP level 7. HP: 49/53 MP: 7/7
  4869 | D:5      | Gained mutation: You are immune to the effects of steam.
                  | [Pale Draconian growth]
  5652 | D:6      | Noticed Jeremiah
  6077 | D:6      | Found a snail-covered altar of Cheibriados.
  6174 | D:6      | Reached skill level 7 in Unarmed Combat
  6349 | D:6      | Reached XP level 8. HP: 54/62 MP: 8/8
  6442 | D:6      | Killed Jeremiah
  6443 | D:6      | Reached skill level 8 in Unarmed Combat
  6443 | D:6      | Reached skill level 5 in Shapeshifting
  6655 | D:6      | Found a staircase to the Ecumenical Temple.
  6663 | Temple   | Entered the Ecumenical Temple
  7030 | D:7      | Found a stormy altar of Qazlal.
  7112 | D:7      | Reached skill level 9 in Unarmed Combat
  7301 | D:7      | Reached XP level 9. HP: 40/70 MP: 9/9
  7715 | D:8      | Reached skill level 5 in Dodging
  8064 | D:8      | Identified a scroll of acquirement
  8064 | D:8      | Acquired a manual of Transmutations
  8070 | D:8      | Learned a level 3 spell: Inner Flame
  8820 | D:8      | Reached skill level 10 in Unarmed Combat
  9396 | D:8      | Found an opulent altar of Gozag.
  9731 | D:9      | Found a blossoming altar of Fedhas.
  9769 | D:9      | Noticed a two-headed ogre
  9778 | D:9      | Noticed a boulder beetle
  9977 | D:8      | Killed a boulder beetle
  9978 | D:8      | Reached XP level 10. HP: 41/79 MP: 10/10
 10204 | D:9      | Reached skill level 11 in Unarmed Combat
 10219 | D:9      | Paralysed by a hornet for 1 turns
 10221 | D:9      | Slain by a killer bee

Illustrated notes

Levels and vault maps discovered:
D:1:      dpeg_arrival_shelter, layout_loops_corners
D:2:      layout_basic, serial_shops, nicolae_shop_real_fake_doors,
          nicolae_shop_pleasant_corner_grove, shop, nicolae_shop_waterfront
D:3:      layout_basic
D:4:      layout_rooms, portal_sewer_entry_b
D:5:      layout_basic, nicolae_elevator_lobby_asterisk
D:6:      layout_rooms, chei_slow_surprise, minmay_temple_entry_proselytizer,
          patterned_corridor, uniq_jeremiah
D:7:      layout_basic, nicolae_overflow_crystal_walls
D:8:      layout_loops_ring, mainiacjoe_overflow_cross_hatched,
          chequers_big_river, dreamdust_princess_bridge,
          minmay_fractal_squares_gapless_5
D:9:      layout_cross, mainiacjoe_overflow_small_starburst, serial_park,
          serial_park_square2, serial_park_square2, serial_park_square2,
          serial_park_square3 [serial_park_minivault_5x5_8],
          corexii_corridor_pit, kennysheep_another_room, st_stairs_9
Temple:   minmay_freezing_vapour_temple

Skill      XL: |  1  2  3  4  5  6  7  8  9 10 |
---------------+-------------------------------+-----
Dodging        | 2 3 4 5 6 |  6.1
Unarmed Combat | 4 5 6 7 9 10 11 | 11.0
Shapeshifting  | 4 5 6 |  6.9
Fighting       | 2 3 4 |  4.5

Action                     |  1- 3 |  4- 6 |  7- 9 | 10-12 || total
---------------------------+-------+-------+-------+-------++-------
  Melee: Unarmed           |   114 |   162 |   218 |    27 ||   521
         Tailslap          |     9 |    17 |    36 |     6 ||    68
         Punch             |     1 |     5 |    14 |       ||    20
Ability: Breathe Steam     |       |       |    18 |       ||    18
    Use: Scroll            |       |     9 |     7 |       ||    16
         Potion            |       |     7 |     5 |     1 ||    13
   Stab: Sleeping          |     1 |     1 |     1 |       ||     3
 Armour: Skin              |    32 |    43 |    62 |    12 ||   149
  Dodge: Dodged            |    63 |    96 |   155 |    28 ||   342
   Form: Flux              |     1 |       |     1 |       ||     2
         Beast             |     1 |       |       |       ||     1

Table legend: (Time is in decaauts)
 A = Elapsed time spent in this place.
 B = Non-inter-level travel time spent in this place.
 C = Inter-level travel time spent in this place.
 D = Time resting spent in this place.
 E = Time spent auto-exploring this place.
 F = Levels seen in this place.
 G = Mean time per level.
                   A        B        C        D        E       F      G
               +--------+--------+--------+--------+--------+-----+--------+
         Total |  10250 |   9695 |    555 |   1967 |   5652 |  11 |  931.8 |
       Dungeon |   9325 |   8770 |    555 |   1499 |   5481 |   9 | 1036.1 |
        Temple |      1 |      1 |      0 |      0 |      0 |   1 |    1.0 |
         Sewer |    923 |    923 |      0 |    468 |    170 |   1 |  923.0 |
               +--------+--------+--------+--------+--------+-----+--------+

Top non-repeatable levels by time:
     D:8: 2274 daAuts
     D:5: 1471 daAuts
     D:6: 1140 daAuts
     D:2: 1088 daAuts
   Sewer: 923 daAuts
     D:1: 906 daAuts
     D:3: 879 daAuts
     D:7: 779 daAuts
     D:4: 610 daAuts
     D:9: 175 daAuts
  Temple: 1 daAuts
